Unix NetHack Version 3.7.0-53 Work-in-progress - last build Apr 1 2022 12:02:44 (7e311aa8f678825fd515f266b121b8a7a7199ace,branch:master). Game began 2022-04-03 15:21:43, ended 2022-04-03 15:33:48. elenmirie, neutral female human Tourist --- ------ |. --..|.-- |.-- --......| --- -- |..| |.......--..| -.--..- --..........-- -- ...... --.[.........| |.--- | ..... |..).........| |....---. ....- --.<...*.....| -. |......... -...| ----.)...--....| |.... --.........- |...-- |........>-- .-- -......(........---....| |.......-.....-- -...................G.| |..............| |..................@..--|...)..........| | --...............--f.............| --..............%...............- |...........)................|... |.........---.--......--.....|-.... |...|...-- ------.|..| ------ ----- -- ---.- ------ -- Elenmirie the Sightseer St:9 Dx:14 Co:16 In:15 Wi:8 Ch:14 Neutral Dlvl:5 $:733 HP:0(34) Pw:13(13) AC:6 Xp:4/121 T:2043 Burdened Latest messages: You miss the dwarf. You kill the dwarf! You kill the gnome! The gnome hits! You miss the gnome. You kill the gnome! Coco eats a gnome corpse. The hobbit is almost hit by a dart! The hobbit picks up a dart. You kill the gnome! You see here a gnome corpse. You see here a red gem. Coco eats a gnome corpse. You have a little trouble lifting N - a pick-axe. Your movements are slowed slightly because of your load. You see here a red gem. The hobbit throws a dagger! You are hit by a dagger. The hobbit hits! You kill the hobbit! There is a hobbit corpse here; eat it? [ynq] (n) y This hobbit corpse tastes okay. Coco picks up a mace. Coco drops a mace. Coco picks up a red gem. Coco drops a red gem. You finish eating the hobbit corpse. Coco picks up a red gem. Coco drops a red gem. Coco picks up a mace. Coco drops a mace. The gnome lord throws a dagger! You are hit by a dagger. You see here a dagger. The gnome lord throws a dagger! A dagger misses you. The gnome lord throws a dagger! You are hit by a dagger. The gnome lord wields a long sword! The gnome lord swings his long sword. The gnome lord hits! You hit the gnome lord! The gnome lord swings his long sword. The gnome lord hits! You die... Do you want your possessions identified? [ynq] (y) y Do you want to see your attributes? [ynq] (y) y Do you want an account of creatures vanquished? [ynaq] (y) y Do you want to see your conduct and achievements? [ynq] (y) y Do you want to see the dungeon overview? [ynq] (y) y Major events: Turn 1: elenmirie the neutral female human Tourist entered the dungeon 1110: entered the Gnomish Mines 1647: attained the rank of Sightseer (level 3) 2043: killed by a gnome lord Inventory: Coins $ - 733 gold pieces Amulets M - an uncursed amulet of ESP (being worn) Weapons a - 34 uncursed +2 darts (at the ready) B - an uncursed +0 dagger p - an uncursed +2 two-handed sword (weapon in hands) Armor y - an uncursed +1 helmet (being worn) w - a blessed +0 pair of kicking boots (being worn) C - an uncursed +0 leather cloak (being worn) j - an uncursed +0 Hawaiian shirt with a hula dancer motif (being worn) Comestibles b - 3 uncursed food rations f - an uncursed sprig of wolfsbane d - 2 uncursed tripe rations Scrolls E - an uncursed scroll of amnesia u - an uncursed scroll of earth s - an uncursed scroll of enchant armor J - an uncursed scroll of light i - 4 uncursed scrolls of magic mapping q - an uncursed scroll of punishment A - an uncursed scroll of remove curse Spellbooks m - an uncursed spellbook of restore ability Potions F - an uncursed potion of blindness I - an uncursed potion of extra healing x - an uncursed potion of fruit juice D - an uncursed potion of paralysis H - an uncursed potion of restore ability Tools l - an uncursed credit card k - an uncursed expensive camera (0:70) N - an uncursed +0 pick-axe P - an uncursed stethoscope n - an uncursed tin whistle Gems/Stones G - an uncursed flint stone Elenmirie the Tourist's attributes: Background: You were a Sightseer, a level 4 female human Tourist. You were neutral, nominally on a mission for The Lady who was opposed by Blind Io (lawful) and Offler (chaotic). You were in the Gnomish Mines, on level 5. You entered the dungeon 2043 turns ago. There was a new moon in effect when your adventure ended. You had 121 experience points, 39 more were needed to attain level 5. Basics: You had 0 out of 34 hit points. You had all 13 energy points (spell power). Your armor class was 6. Your wallet contained 733 zorkmids. Autopickup was on for '$' plus thrown. Final Characteristics: Your strength was 9 (limit:18/100). Your dexterity was 14 (limit:18). Your constitution was 16 (limit:18). Your intelligence was 15 (limit:18). Your wisdom was 8 (limit:18). Your charisma was 14 (limit:18). Final Status: You were not hungry. You were burdened; movement was slightly slowed. You were wielding a two-handed sword. You had basic skill with two-handed sword. Final Attributes: You were devoutly aligned. You were telepathic. You were warded. You are dead. Miscellaneous: You never encountered a bones level. Total elapsed playing time was 12 minutes and 4 seconds. Vanquished creatures: a gnome leader 2 dwarves a giant bat a wererat an acid blob a hobbit a large kobold 2 giant rats a brown mold a yellow mold 6 gnomes 2 geckos 2 jackals 2 goblins a sewer rat 2 grid bugs a lichen 7 newts 35 creatures vanquished. No species were genocided or became extinct. Voluntary challenges: You were an atheist. You read items or engraved 1 time. You never engraved Elbereth. You never genocided any monsters. You never polymorphed an object. You never changed form. You used no wishes. Achievements: You entered the Gnomish Mines. You attained the rank of Sightseer. The Dungeons of Doom: levels 1 to 5 Level 1: Level 2: Some fountains. Level 3: Level 4: A fountain. Stairs down to The Gnomish Mines. Level 5: The Gnomish Mines: Level 5: <- You were here. Final resting place for you, killed by a gnome lord. Game over: ---------- / \ / REST \ / IN \ / PEACE \ / \ | elenmirie | | 733 Au | | killed by a | | gnome lord | | | | | | 2022 | *| * * * | * _________)/\\_//(\/(/\)/\//\/|_)_______ Aloha elenmirie the Tourist... You died in The Gnomish Mines on dungeon level 5 with 765 points, and 733 pieces of gold, after 2043 moves. You were level 4 with a maximum of 34 hit points when you died.